 Dungeon Crawl Stone Soup version 0.18.1-5-g4a78601 (webtiles) character file.

120 Brrr the Digger (level 5, -3/28 HPs)
             Began as a Gargoyle Earth Elementalist on May 9, 2016.
             Slain by Mulkerokala's ghost (5 damage)
             ... on level 3 of the Dungeon.
             The game lasted 00:08:43 (2737 turns).

Brrr the Digger (Gargoyle Earth Elementalist)       Turns: 2737, Time: 00:08:43

Health: -3/28      AC:  6    Str: 12    XL:     5   Next: 4%
Magic:  2/10       EV: 12    Int: 18    God:
Gold:   162        SH:  0    Dex: 10    Spells: 3 memorised, 2 levels left

rFire  . . .     SeeInvis .     b - 51 stones
rCold  . . .     Gourm    .     a - +0 robe
rNeg   + . .     Faith    .     (no shield)
rPois  ∞         Spirit   .     (no helmet)
rElec  +         Dismiss  .     (no cloak)
rCorr  .         Reflect  .     (no gloves)
SustAt .         Harm     .     (no boots)
MR     .....                    (no amulet)
Stlth  ++........               (no ring)
                                (no ring)

@: very slightly contaminated, not resistant to hostile enchantments, unstealthy
A: clever 1, negative energy resistance 1, electricity resistance, unbreathing,
petrification resistance, rot immunity, AC +4
a: no special abilities


You were on level 3 of the Dungeon.
You were not hungry.

You visited 1 branch of the dungeon, and saw 3 of its levels.

You collected 162 gold pieces.

Inventory:

Hand Weapons
 g - a +1 short sword
Missiles
 b - 51 stones (in hand)
Armour
 a - a +0 robe (worn)
Wands
 m - a wand of lightning (15/15)
Potions
 f - 3 potions of brilliance
 l - 2 potions of heal wounds
Books
 c - a book of Geomancy

   Spells                             Type                      Level
   a - Sandblast                      Earth                        1
   b - Passwall                       Transmutation/Earth          2
   c - Stone Arrow                    Conjuration/Earth            3
   d - Petrify                        Transmutation/Earth          4
   e - Lee's Rapid Deconstruction     Earth                        5
Comestibles
 d - 3 bread rations
 k - 2 meat rations


   Skills:
 - Level 1.5 Dodging
 - Level 2.1 Stealth
 * Level 3.6 Spellcasting
 + Level 1.4 Conjurations
   Level 0.7 Transmutations
 + Level 4.9 Earth Magic


You had 2 spell levels left.
You knew the following spells:

 Your Spells              Type           Power        Failure   Level  Hunger
a - Sandblast             Erth           ###...       1%          1    None
b - Stone Arrow           Conj/Erth      ##....       14%         3    ###....
c - Lee's Rapid Deconstr  Erth           ###.......   67%         5    ######.


Dungeon Overview and Level Annotations

Branches:
Dungeon (3/15)

Altars:

Annotations:
D:3 Mulkerokala's ghost, amateur DrWn


Innate Abilities, Weirdness & Mutations

You are resistant to torment.
Your stone body is resilient (AC +4).
You are immune to poison.
You resist negative energy.
You are resistant to electric shocks.
You can survive without breathing.
You are immune to petrification.
You are immune to rotting.
Your mind is acute. (Int +2)


Message History

You hit Mulkerokala's ghost.
Mulkerokala's ghost is almost destroyed.
You hit Mulkerokala's ghost but do no damage.
Mulkerokala's ghost is almost destroyed.
Mulkerokala's ghost barely misses you.
You hit Mulkerokala's ghost but do no damage.
Mulkerokala's ghost is almost destroyed.
You feel yourself slow down.
Mulkerokala's ghost hits you but does no damage.
You hit Mulkerokala's ghost.
Mulkerokala's ghost is almost destroyed.
Mulkerokala's ghost hits you.
* * * LOW HITPOINT WARNING * * *
Casting: Sandblast
Confirm with . or Enter, or press ? or * to list all spells.
Okay, then.
You are now empty-handed.
b - 51 stones (in hand) Mulkerokala's ghost hits you.
You die...

###########.........##.##
#........................
#............####.####.##
#......).....## #......#
..............# #......##
....###...#...# #........
... #...#...# #.....≈≈≈
.. ##W##...# #....≈≈≈≈
#@###### #.....≈≈≈ #..#
#........ ..#.# ......§§
#.##.# #§ #. ..# #§ . ..#
#. . ..# #. .. .... ...
####


You could see Mulkerokala's ghost.

Vanquished Creatures
  A hound skeleton (D:3)
  3 gnolls (D:3)
  2 adders (D:2)
  An adder zombie (D:3)
  2 adder skeletons (D:3)
  A dart slug (D:3)
  A giant gecko (D:2)
  6 bats
  3 giant cockroaches
  6 hobgoblins
  4 jackals (D:1)
  6 kobolds
  A giant gecko skeleton (D:3)
  3 giant newts
  5 goblins
  A jackal zombie (D:3)
  3 rats
49 creatures vanquished.

Vanquished Creatures (others)
  A giant cockroach zombie (D:3)
1 creature vanquished.

Grand Total: 50 creatures vanquished

Notes
Turn   | Place    | Note
--------------------------------------------------------------
     0 | D:1      | Brrr the Gargoyle Earth Elementalist began the quest for the Orb.
     0 | D:1      | Reached XP level 1. HP: 10/10 MP: 3/3
   398 | D:1      | Reached XP level 2. HP: 14/15 MP: 0/5
   875 | D:1      | Reached skill level 4 in Earth Magic
  1304 | D:2      | Reached XP level 3. HP: 19/19 MP: 2/7
  1309 | D:2      | Learned a level 3 spell: Stone Arrow
  2195 | D:3      | Reached XP level 4. HP: 23/24 MP: 4/8
  2269 | D:3      | Gained mutation: Your mind is acute. (Int +2) [potion of beneficial mutation]
  2301 | D:3      | Reached skill level 1 in Conjurations
  2594 | D:3      | Reached XP level 5. HP: 28/28 MP: 3/10
  2601 | D:3      | Learned a level 5 spell: Lee's Rapid Deconstruction
  2674 | D:3      | Noticed Mulkerokala's ghost (amateur DrWn)
  2737 | D:3      | Slain by Mulkerokala's ghost

Skill      XL: |  1  2  3  4 |
---------------+-------------+-----
Earth Magic    | 4 |  4.9
Spellcasting   | 3 |  3.6
Conjurations   | 1 |  1.4
Dodging        | |  1.5
Stealth        | |  2.1
Transmutations | |  0.7

Action                   |  1- 3 |  4- 6 || total
-------------------------+-------+-------++-------
Melee: Short sword       |    14 |    50 ||    64
 Cast: Sandblast         |    41 |    37 ||    78
  Use: Scroll            |       |     9 ||     9
       Potion            |       |     2 ||     2
 Stab: Distracted        |     1 |       ||     1
  Eat: Chunk             |     4 |     2 ||     6
Armor: Robe              |    11 |    18 ||    29
Dodge: Dodged            |    23 |    32 ||    55
